 Dungeon Crawl Stone Soup version 0.26.1-11-gd32895ea62 (webtiles) character file.

Game seed: 14424063861308595953

10491 GenialerGandalf the Cleaver (level 11, -1/95 HPs)
             Began as a Hill Orc Fighter on July 8, 2021.
             Was an Elder of Beogh.
             Slain by a large slime creature (22 damage)
             ... on level 12 of the Dungeon on July 10, 2021.
             The game lasted 01:47:36 (16975 turns).

GenialerGandalf the Cleaver (Hill Orc Fighter)     Turns: 16975, Time: 01:47:42

Health: -1/95      AC: 19    Str: 23    XL:     11   Next: 62%
Magic:  16/16      EV:  4    Int:  8    God:    Beogh [****..]
Gold:   6          SH: 18    Dex: 10    Spells: 10/10 levels left

rFire    + . .     SeeInvis +   I - +2 war axe (freeze)
rCold    x . .     Faith    +   q - +1 tower shield
rNeg     . . .     Spirit   .   J - +1 plate armour
rPois    .         Reflect  .   i - +1 helmet
rElec    .         Harm     .   (no cloak)
rCorr    .         Rampage  .   (no gloves)
Will     .....                  m - +1 pair of boots
Stlth    ..........             E - amulet of faith
HPRegen  0.25/turn              H - ring of see invisible
MPRegen  0.15/turn              F - ring of fire

@: no status effects
A: no striking features
a: Renounce Religion, Smiting, Recall Orcish Followers


You were on level 12 of the Dungeon.
You worshipped Beogh.
Beogh was greatly pleased with you.
You visited 1 branch of the dungeon, and saw 12 of its levels.
You also visited: Ossuary.

You collected 682 gold pieces.
You spent 676 gold pieces at shops.

Inventory:

Hand Weapons
 a - a +3 war axe
 x - a +2 battleaxe
 I - a +2 war axe of freezing (weapon)
Armour
 b - a +0 scale mail
 c - a +0 kite shield
 d - the +3 leather armour "Xayputos" {+Inv MP-9 Str+3}
   (You found it on level 7 of the Dungeon)

   It affects your strength (+3).
   It affects your magic capacity (-9).
   It lets you turn invisible.
 i - a +1 helmet (worn)
 m - a +1 pair of boots (worn)
 o - a +0 chain mail
 q - a +1 tower shield (worn)
 J - a +1 plate armour (worn)
Jewellery
 u - an uncursed ring of magical power
 E - an amulet of faith (around neck)
 F - a ring of fire (right hand)
 H - a ring of see invisible (left hand)
Wands
 g - a wand of enslavement (10)
 y - a wand of acid (18)
 M - a wand of iceblast (8)
Scrolls
 e - a scroll of torment {unknown}
 l - 5 scrolls of remove curse
 n - a scroll of magic mapping
 r - 2 scrolls of fog
 s - a scroll of fear
 A - a scroll of noise
 B - 2 scrolls of acquirement
 D - 2 scrolls of teleportation
 K - a scroll of immolation {unknown}
Potions
 f - 6 potions of heal wounds
 h - 5 potions of attraction
 j - 2 potions of lignification
 k - 4 potions of curing
 p - 2 potions of flight
 t - 2 potions of mutation {unknown}
 v - a potion of cancellation {unknown}
 w - 4 potions of brilliance
 z - 4 potions of berserk rage
 C - 2 potions of degeneration
 G - 2 potions of haste {unknown}


   Skills:
 + Level 8.8 Fighting
 + Level 14.0 Axes
 + Level 8.5 Armour
 + Level 2.5 Dodging
 + Level 1.3 Stealth
 + Level 9.0 Shields
 * Level 7.8 Invocations


You had 10 spell levels left.
You didn't know any spells.
Your spell library contained the following spells:

 Spells                   Type           Power        Failure   Level
 Confusing Touch          Hex            0%           100%        3
 Gell's Gravitas          Tloc           0%           100%        3
 Petrify                  Tmut/Erth      0%           100%        4
 Metabolic Englaciation   Hex/Ice        0%           100%        5
 Yara's Violent Unravell  Hex/Tmut       0%           100%        5


Dungeon Overview and Level Annotations

Branches:
Dungeon (12/15)            Temple (0/1) D:4            Lair (0/6) D:8
    Orc (0/2) D:10        Ossuary (visited)

Altars:
Kikubaaqudgha
Xom
The Shining One
Beogh

Shops:
D:5 ?}?   D:6 =

Annotations:
D:3 1 runed translucent door, Crazy Yiuf
D:7 1 runed translucent door, Almogavar's ghost, novice KoCj


Message History

The large slime creature is heavily wounded.
The large slime creature hits you!!
You hit the large slime creature. You freeze the large slime creature.
The large slime creature is heavily wounded.
The large slime creature hits you!!
You barely miss the large slime creature.
The large slime creature is heavily wounded.
Your orc no longer looks unusually strong.
The large slime creature hits you!!
* * * LOW HITPOINT WARNING * * *
You slash the large slime creature! You freeze the large slime creature.
The large slime creature is heavily wounded.
You block the large slime creature's attack.
You slash the large slime creature! You freeze the large slime creature.
The large slime creature is severely wounded.
Your orc warrior no longer looks unusually strong.
Horkud roars a battlecry!
Your orcs go into a battle-frenzy!
The large slime creature hits you!!
You die...

#.##.##............
#.......######.....
#.....[.# ###.#
#.##.##.# .#
#.##.### # #.##...#
.##...oo.#
#.....oooo#
########@## #J# #.#
#.# ... ... ...
#####


You could see a large slime creature, the friendly Horkud the orc knight, 2
friendly orc warriors, a friendly orc priest (strong) and 2 friendly orcs.

Vanquished Creatures
  Harold (D:8)
  Erolcha (D:9)
  A slime creature (D:12)
  Pikel (D:7)
  An orc knight (D:9)
  Maggie (D:6)
  A centaur skeleton (D:11)
  A troll (D:11)
  Prince Ribbit (D:5)
  Sigmund (D:7)
  A wyvern (D:10)
  Edmund (D:7)
  9 orc warriors
  3 phantoms
  3 sky beasts
  7 ogres
  A necrophage (D:8)
  A centaur (D:9)
  A big kobold (D:7)
  4 lemures (D:7)
  2 bullfrogs
  An elf skeleton (D:5)
  A scorpion (D:9)
  4 wights (D:11)
  3 howler monkeys (D:9)
  4 bullfrog zombies (Ossuary)
  A centaur zombie (Ossuary)
  4 crimson imps (D:3)
  A quasit (D:8)
  5 hounds
  3 jellies
  4 human zombies (D:5)
  4 orc priests
  An iguana (D:10)
  A bullfrog skeleton (D:4)
  7 mummies (Ossuary)
  6 orc wizards
  3 worker ants
  2 killer bee zombies (Ossuary)
  A hound zombie (D:9)
  2 hound skeletons
  4 worker ant zombies
  4 gnolls
  14 adders
  2 shadow imps
  An ooze (D:2)
  2 adder zombies
  2 adder skeletons
  2 worms
  2 dart slugs (D:1)
  3 leopard geckos
  29 orcs
  6 giant cockroaches
  9 goblins
  7 hobgoblins
  5 jackals
  4 quokkas
  5 bats
  2 frilled lizards
  A giant cockroach zombie (Ossuary)
  13 kobolds
  2 leopard gecko zombies (Ossuary)
  An orc skeleton (D:5)
  2 quokka zombies (Ossuary)
  4 rats
227 creatures vanquished.

Vanquished Creatures (collateral kills)
  A boulder beetle (D:11)
  A hydra (D:10)
  An ugly thing (D:11)
  2 trolls (D:10)
  A sky beast (D:9)
  A necrophage (D:10)
  A centaur (D:10)
  A bullfrog zombie (D:11)
  A hound (D:11)
  An orc priest (D:10)
  A bullfrog skeleton (D:10)
  A worker ant (D:11)
  3 gnolls (D:10)
  An adder (D:10)
  An ufetubus (D:10)
  2 orcs
20 creatures vanquished.

Vanquished Creatures (others)
  An orc warrior (D:10)
  An orc priest (D:10)
  An orc wizard (D:10)
  22 orcs
  5 fungi (D:3)
  24 plants
  16 withered plants (Ossuary)
70 creatures vanquished.

Grand Total: 317 creatures vanquished

Notes
Turn   | Place    | Note
-------+----------+-------------------------------------------
     0 | D:1      | GenialerGandalf the Hill Orc Fighter began the quest for
                  | the Orb.
     0 | D:1      | Reached XP level 1. HP: 19/19 MP: 1/1
   161 | D:1      | Reached XP level 2. HP: 27/27 MP: 2/2
   386 | D:1      | Reached skill level 3 in Axes
   577 | D:1      | You fall into a shaft and drop 1 floor!
  1009 | D:1      | Reached XP level 3. HP: 33/33 MP: 3/3
  2085 | D:2      | Reached skill level 4 in Axes
  2107 | D:2      | Reached XP level 4. HP: 26/40 MP: 4/4
  3008 | D:3      | Became a worshipper of Beogh the Brigand
  3180 | D:3      | Found a shimmering altar of Xom.
  3195 | D:3      | Reached skill level 5 in Axes
  3195 | D:3      | Reached XP level 5. HP: 46/46 MP: 5/5
  3249 | D:3      | Reached skill level 6 in Axes
  3287 | D:3      | Reached XP level 6. HP: 52/52 MP: 6/6
  3405 | D:3      | Found a runed translucent door.
  3427 | D:3      | Noticed Crazy Yiuf
  4163 | D:4      | Found a staircase to the Ecumenical Temple.
  4321 | D:4      | Reached skill level 1 in Dodging
  4935 | D:5      | Entered Level 5 of the Dungeon
  5188 | D:5      | Found Muall's Magic Scroll Shoppe.
  5358 | D:5      | Reached skill level 7 in Axes
  5358 | D:5      | Reached XP level 7. HP: 47/60 MP: 7/7
  5468 | D:5      | Found a sand-covered staircase.
  5496 | Ossuary  | Entered an ossuary
  5602 | Ossuary  | Reached skill level 5 in Shields
  5611 | Ossuary  | Reached skill level 8 in Axes
  5880 | Ossuary  | Reached skill level 5 in Fighting
  5931 | Ossuary  | Reached XP level 8. HP: 38/69 MP: 8/8
  5933 | Ossuary  | Reached * piety under Beogh
  6112 | Ossuary  | Reached skill level 5 in Armour
  6513 | D:5      | Found Cusiph's Gadget Shoppe.
  6945 | D:5      | Reached skill level 9 in Axes
  7145 | D:5      | Found Lunk's Magic Scroll Shop.
  7442 | D:6      | Noticed Prince Ribbit
  7444 | D:6      | Noticed Maggie
  7618 | D:5      | Killed Prince Ribbit
  7656 | D:6      | Found Kiaff's Jewellery Boutique.
  7800 | D:6      | Killed Maggie
  7801 | D:6      | Reached skill level 10 in Axes
  7801 | D:6      | Reached XP level 9. HP: 49/75 MP: 9/9
  8320 | D:7      | Reached skill level 1 in Invocations
  8473 | D:7      | Found a glowing golden altar of the Shining One.
  8488 | D:7      | Noticed Pikel
  8495 | D:7      | Reached ** piety under Beogh
  8508 | D:7      | Killed Pikel
  8509 | D:7      | Reached skill level 11 in Axes
  8825 | D:7      | Got an ichor-stained leather armour
  8837 | D:7      | Identified the +3 leather armour "Xayputos" {+Inv MP-9
                  | Str+3} (You found it on level 7 of the Dungeon)
  9025 | D:7      | Found a runed translucent door.
  9026 | D:7      | Noticed Almogavar's ghost (novice KoCj)
  9170 | D:7      | Noticed Sigmund
  9179 | D:7      | Killed Sigmund
  9216 | D:7      | Noticed Edmund
  9223 | D:7      | Killed Edmund
  9768 | D:8      | Reached skill level 12 in Axes
  9768 | D:8      | Reached XP level 10. HP: 68/86 MP: 13/13
 10151 | D:8      | Noticed Harold
 10176 | D:8      | Killed Harold
 10177 | D:8      | Reached skill level 5 in Invocations
 10475 | D:8      | Found a staircase to the Lair.
 11327 | D:9      | Reached *** piety under Beogh
 11565 | D:9      | Noticed Erolcha
 11570 | D:9      | Paralysed by Erolcha for 6 turns
 11585 | D:9      | Killed Erolcha
 11820 | D:9      | Found an ancient bone altar of Kikubaaqudgha.
 11827 | D:9      | Reached skill level 13 in Axes
 12198 | D:10     | Entered Level 10 of the Dungeon
 12474 | D:10     | Noticed an orc knight
 12480 | D:10     | Noticed an orc knight
 12496 | D:10     | Found a roughly hewn altar of Beogh.
 12942 | D:10     | Reached XP level 11. HP: 89/94 MP: 15/15
 13180 | D:10     | Reached skill level 1 in Stealth
 13334 | D:10     | Reached **** piety under Beogh
 13608 | D:10     | Gained Horkud as an ally
 13632 | D:10     | Found a staircase to the Orcish Mines.
 14190 | D:10     | Noticed a four-headed hydra
 14198 | D:10     | Killed an eight-headed hydra
 15296 | D:11     | Noticed a cyan ugly thing
 15297 | D:11     | Noticed a boulder beetle
 15305 | D:11     | Killed a cyan ugly thing
 15322 | D:11     | Killed a boulder beetle
 16176 | D:9      | Killed an orc knight
 16673 | D:5      | Bought a scroll of acquirement for 676 gold pieces
 16965 | D:12     | Reached skill level 14 in Axes
 16975 | D:12     | Slain by a large slime creature

Illustrated notes

Levels and vault maps discovered:
D:1:      scummos_arrival_gate, layout_basic
D:2:      layout_loops_ring
D:3:      layout_loops_cross, led_xom_imps, chequers_big_river,
          minmay_statues_item, uniq_crazy_yiuf_cottage
D:4:      layout_cave_pods, minmay_temple_entry_water_ring
D:5:      layout_layer_cave, nicolae_ossuary_entry_catacombs, serial_shops,
          kennysheep_mini, nicolae_shop_statue_plus, shop
D:6:      layout_rooms, serial_shops, shop, uniq_maggie, uniq_prince_ribbit1
D:7:      layout_cave_pools, ebering_ghost_reflecting_pool, basic_altar,
          minivault_11, sigmund_edmund_badplayer, uniq_pikel
D:8:      layout_loops_corners, lair_entry_dummy, grunt_decor_junction,
          uniq_harold
D:9:      layout_loops_ring, basic_altar, uniq_erolcha
D:10:     layout_stronghold, david_orc_5
D:11:     layout_roguey, hex_medium
D:12:     layout_loops_cross, gammafunk_ghost_arena

Skill      XL: |  1  2  3  4  5  6  7  8  9 10 11 |
---------------+----------------------------------+-----
Axes           | 3 4 5 6 7 8 10 12 13 14 | 14.0
Fighting       | 4 5 6 7 8 |  8.8
Armour         | 4 5 6 7 8 |  8.5
Shields        | 4 5 6 8 9 |  9.0
Dodging        | 1 2 |  2.5
Invocations    | 4 6 7 |  7.8
Stealth        | 1 |  1.3

Action                   |  1- 3 |  4- 6 |  7- 9 | 10-12 || total
-------------------------+-------+-------+-------+-------++-------
Melee: War axe           |   103 |   200 |   427 |   314 ||  1044
Invok: Convert to Beogh  |       |     1 |       |       ||     1
       Recall Orcish Fol |       |       |       |     2 ||     2
  Use: Scroll            |       |       |    17 |     8 ||    25
       Potion            |       |       |     3 |     1 ||     4
 Stab: Distracted        |       |       |       |     2 ||     2
Armor: Scale mail        |    44 |       |       |       ||    44
       Chain mail        |    19 |   101 |   122 |    19 ||   261
       Plate armour      |       |       |       |    57 ||    57
Dodge: Dodged            |    35 |    30 |    48 |    26 ||   139
Block: Kite shield       |    50 |    22 |       |       ||    72
       Tower shield      |       |    95 |   260 |   262 ||   617
